AoeStats
← Pagliacci

Arabia

510416447Analyzed
1v1 RM · 12h ago on Sep 30, 2026· 37m 47s· 2 players
Game mode
Random Map
Map size
Tiny (2 player)
Population
200
Speed
Normal
Resources
Standard
Victory
Conquest
Starting age
Dark Age
Ending age
Imperial Age
RankedLock teamsTeams togetherTeam positionsShared explorationLock speedFull tech treeHidden civsTurbo modeCheats
Victory
Defeat
🇦🇷 Varangians · Argentina
1426
+16
🇺🇸 Saxons · United States
1425
-16
Pagliacci
6:46 Loom
9:15 Feudal Age
9:46 Double-Bit Axe
16:55 Fletching
23:26 Castle Age
21:26 Horse Collar
21:44 Gold Mining
22:10 Padded Archer Armor
24:12 Scale Mail Armor
23:41 Pikeman
23:43 Crossbowman
24:32 Bodkin Arrow
26:04 Wheelbarrow
26:12 Bow Saw
26:08 Town Watch
27:14 Leather Archer Armor
27:55 Scale Mail Armor
28:16 Squires
34:16 Chain Mail Armor
35:01 Sanctity
CORP_ALASTOR
6:25 Loom
8:58 Feudal Age
9:00 Man-at-Arms
9:28 Double-Bit Axe
14:02 Town Watch
14:55 Fletching
15:55 Padded Archer Armor
17:18 Wheelbarrow
21:57 Castle Age
20:07 Horse Collar
21:40 Scale Barding Armor
22:32 Forging
22:37 Bloodlines
23:19 Bow Saw
24:08 Elite Skirmisher
24:51 Bodkin Arrow
25:27 Heavy Plow
28:13 Chain Barding Armor
28:32 Scale Mail Armor
28:30 Gold Mining
28:44 Husbandry
32:35 Leather Archer Armor
38:08 Iron Casting
Connection lost

Rejoining the realm…

Still unreachable

The connection could not be restored.

Session expired

The server has moved on; the page needs a fresh start.